 Dungeon Crawl Stone Soup version 0.29.1-12-g30fa7ad0bf (webtiles) character file.

Game seed: 12771527086628538748

72 KittyFluff the Trooper (level 4, -2/29 HPs)
             Began as a Gargoyle Berserker on Dec 25, 2022.
             Was a Believer of Trog.
             Slain by a worm (8 damage)
             ... on level 2 of the Dungeon.
             The game lasted 00:06:22 (2037 turns).

KittyFluff the Trooper (Gargoyle Berserker)         Turns: 2037, Time: 00:06:22

Health: -2/29      AC:  5    Str: 23    XL:     4   Next: 26%
Magic:  4/4        EV: 12    Int:  7    God:    Trog [**....]
Gold:   90         SH:  0    Dex:  9    Spells: 3/3 levels left

rFire   . . .      SeeInvis .   a - +0 mace
rCold   . . .      Faith    .   (no shield)
rNeg    + . .      Spirit   .   b - +0 animal skin
rPois   ∞          Reflect  .   (no helmet)
rElec   +          Harm     .   (no cloak)
rCorr   .          Rampage  .   (no gloves)
Will    .....                   (no boots)
Stlth   +.........              (no amulet)
HPRegen 0.09/turn               (no ring)
MPRegen 0.09/turn               (no ring)

@: no status effects
A: sickness immunity, AC +3, negative energy resistance 1, electricity
resistance, torment resistance 1, petrification resistance
a: Renounce Religion, Berserk, Trog's Hand


You were on level 2 of the Dungeon.
You worshipped Trog.
Trog was pleased with you.
You visited 1 branch of the dungeon, and saw 2 of its levels.

You collected 90 gold pieces.

Inventory:

Hand Weapons
 a - a +0 mace (weapon)
 j - a +0 sling
Armour
 b - a +0 animal skin (worn)
 f - a +4 ring mail
Scrolls
 c - 2 scrolls of poison {unknown}
 d - a scroll of magic mapping {unknown}
 e - a scroll of enchant armour {unknown}
 g - 2 scrolls of identify {unknown}
 h - a scroll of acquirement {unknown}
 i - a scroll of blinking {unknown}


   Skills:
 + Level 3.9 Fighting
 + Level 3.9 Maces & Flails
 * Level 2.8 Armour
 + Level 2.0 Dodging
 + Level 0.5 Stealth


You had 3 spell levels left.
You didn't know any spells.
Your spell library was empty.

Dungeon Overview and Level Annotations

Branches:
Dungeon (2/15)

Altars:


Innate Abilities, Weirdness & Mutations

You are immune to sickness and miasma.
Your stone body is resilient. (AC +3)
You are immune to poison.
You resist negative energy. (rN+)
You are resistant to electric shocks. (rElec)
You are resistant to unholy torment.
You are immune to petrification.


Message History

The goblin hits you with a +0 club.
You see here 14 gold pieces.
You now have 90 gold pieces (gained 14).
The goblin closely misses you.
You closely miss the goblin. The goblin hits you but does no damage.
You hit the goblin.
You kill the goblin!
Trog accepts your kill.
You hit the worm.
The worm is moderately wounded.
You hit the worm but do no damage.
The worm is moderately wounded.
The worm bites you!
You barely miss the worm.
The worm is moderately wounded.
The worm bites you but does no damage.
You sock the worm!
The worm is severely wounded.
The worm closely misses you.
You barely miss the worm.
The worm is severely wounded.
You hit the worm.
The worm is severely wounded.
The worm misses you.
You hit the worm but do no damage.
The worm is severely wounded.
The worm bites you.
You barely miss the worm.
The worm is severely wounded.
You hit the worm.
The worm is severely wounded.
The worm misses you.
You hit the worm.
The worm is severely wounded.
The worm bites you!
* * * LOW HITPOINT WARNING * * *
You hit the worm but do no damage.
The worm is severely wounded.
The worm bites you!
You die...

#.# ### #)# # #.#
.## #.# ... #.# #.#
#.# ...
#####.########.#
#..............##...
#####.######@w.....#
#.# ##)..#### #.#
#### #.# #.# #.# #.#
#.# #.#


You could see a worm.

Vanquished Creatures
  An adder (D:2)
  A dart slug (D:2)
  2 endoplasms (D:1)
  4 giant cockroaches (D:1)
  10 goblins
  4 hobgoblins
  6 jackals (D:1)
  8 ball pythons
  4 bats
  6 frilled lizards
  5 kobolds
  7 rats
58 creatures vanquished.

Vanquished Creatures (others)
  A fungus (D:2)
1 creature vanquished.

Grand Total: 59 creatures vanquished

Notes
Turn   | Place    | Note
-------+----------+-------------------------------------------
     0 | D:1      | KittyFluff the Gargoyle Berserker began the quest for the
                  | Orb.
     0 | D:1      | Reached XP level 1. HP: 14/14 MP: 1/1
   249 | D:1      | Reached XP level 2. HP: 19/19 MP: 2/2
   511 | D:1      | Reached XP level 3. HP: 19/24 MP: 3/3
   604 | D:1      | Reached ** piety under Trog
  1702 | D:2      | Found a faded altar of an unknown god.
  1801 | D:2      | Reached XP level 4. HP: 27/29 MP: 4/4
  2037 | D:2      | Slain by a worm

Illustrated notes

Levels and vault maps discovered:
D:1:      sevenhm_arrival_forest_fort_large_4, layout_loops_cross, minivault_4,
          minmay_indecisive_spiral
D:2:      layout_basic, shapermc_ecumenical_altar_rom_forum, minmay_tetromino_o2

Skill      XL: |  1  2  3  4 |
---------------+-------------+-----
Dodging        | 2 |  2.0
Fighting       | |  3.9
Maces & Flails | |  3.9
Armour         | |  2.8
Stealth        | |  0.5

Action                   |  1- 3 |  4- 6 || total
-------------------------+-------+-------++-------
Melee: Mace              |   161 |    33 ||   194
       Punch             |     3 |       ||     3
Armor: Animal skin       |    54 |    11 ||    65
Dodge: Dodged            |   117 |    23 ||   140
